Map: Frostline LE

Players

ByuN - Winner!

  • Race: Terran Terran
  • Spawn Location: 1:00

Rogue

  • Race: Zerg Zerg
  • Spawn Location: 7:00

VOD

Have the link to the VOD?

Description

Time

  • Played on: March 12, 2025, 8:30 a.m.
  • Length: 7:54
Show
View Real Time Build Order
Export as new Build Order

ByuN Terran - Winner!

Build Orders: Reaper Expand, Hellion Banshee 

Get SALT Encoding   

  12  0:00  SCV  
  13  0:12  SCV  
  14  0:17  Supply Depot  
  14  0:24  SCV  
  15  0:38  SCV  
  15  0:39  Barracks  
  15  0:42  Refinery  
  16  0:50  SCV  
  17  1:03  SCV  
  18  1:15  SCV  
  19  1:26  Reaper  
  19  1:27  Orbital Command  
  20  1:38  Command Center  
  20  1:46  Supply Depot  
  20  1:52  SCV  
  21  1:57  Marine  
  22  2:02  Factory  
  22  2:05  SCV  
  23  2:17  SCV  
  23  2:20  Barracks Reactor  
  24  2:29  SCV  
  25  2:41  SCV  
  25  2:42  Command Center  
  26  2:51  Orbital Command  
  26  2:53  SCV  
  26  2:56  Starport  
  27  3:02  Refinery  
  27  3:05  SCV  
  27  3:12  Hellion x2  
  32  3:16  Barracks Tech Lab  
  32  3:18  SCV x2  
  34  3:30  SCV x2  
  34  3:34  Hellion x2  
  40  3:41  Banshee  
  40  3:42  SCV, Barracks Tech Lab  
  40  3:43  SCV  
  45  3:53  Orbital Command  
  45  3:54  SCV  
  45  3:55  SCV  
  47  3:59  Marine  
  47  4:00  Stimpack  
  48  4:04  Hellion x2  
  48  4:08  SCV  
  48  4:09  SCV  
  54  4:15  Supply Depot  
  54  4:17  Marine  
  54  4:20  SCV x2  
  54  4:21  SCV  
  54  4:24  Banshee, Orbital Command  
  61  4:36  Barracks, Marine, SCV x2  
  64  4:38  Barracks  
  64  4:39  Factory Reactor  
  64  4:40  Supply Depot  
  64  4:46  Refinery x2  
  64  4:48  SCV x2  
  66  4:54  Engineering Bay  
  66  4:55  Engineering Bay  
  66  4:56  SCV  
  67  5:00  SCV x2  
  67  5:01  Marine  
  67  5:02  Supply Depot  
  70  5:08  SCV  
  70  5:13  SCV x2  
  73  5:19  Marine  
  73  5:21  SCV, Starport Reactor  
  75  5:25  SCV x2  
  75  5:26  Supply Depot, Terran Infantry Armor Level 1  
  75  5:27  Barracks x2  
  77  5:28  Terran Infantry Weapons Level 1  
  77  5:33  SCV  
  78  5:37  SCV x2  
  78  5:38  Marine x3  
  78  5:39  Marine x2  
  85  5:44  Combat Shield  
  85  5:47  Siege Tank  
  85  5:48  SCV  
  85  5:49  SCV x2  
  91  5:59  Supply Depot, Marine x2  
  91  6:00  Supply Depot  
  93  6:04  Marine x3, SCV x3  
  93  6:06  Medivac  
  101  6:13  Supply Depot, Barracks Reactor  
  101  6:14  Barracks Reactor  
  101  6:20  Marine x2, Medivac  
  101  6:21  Siege Tank  
  101  6:22  Marine x3  
  111  6:35  Supply Depot x2  
  111  6:38  Marine x2  
  111  6:39  Marine x3  
  113  6:52  Medivac  
  113  6:53  Marine x2, Medivac  
  113  6:54  Marine x2  
  120  6:56  Marine x2, Siege Tank  
  120  6:57  Marine x3  
  120  7:00  Barracks  
  126  7:02  Barracks  
  126  7:03  Barracks  
  126  7:06  Armory  
  126  7:11  Marine x3  
  122  7:19  Marine x3  
  122  7:20  Marine x2  
  122  7:21  Marine  
  127  7:35  Marine x3  
Show
View Real Time Build Order
Export as new Build Order

Rogue Zerg 

Build Orders: Hatch First 

Get SALT Encoding   

  12  0:00  Drone  
  13  0:11  Overlord  
  13  0:17  Drone  
  14  0:30  Drone x2  
  16  0:46  Hatchery  
  16  0:48  Drone  
  16  0:51  Drone  
  16  0:55  Drone  
  18  1:05  Extractor  
  18  1:10  Spawning Pool  
  16  1:13  Drone  
  16  1:17  Drone  
  18  1:27  Drone  
  19  1:38  Drone  
  20  1:48  Drone  
  21  1:58  Queen x2  
  21  1:59  Zergling x4  
  27  2:09  Zergling x2  
  27  2:11  Overlord, Metabolic Boost  
  28  2:32  Hatchery  
  28  2:33  Drone x2  
  28  2:34  Drone  
  28  2:36  Drone  
  30  2:45  Queen  
  30  2:49  Overlord  
  32  2:52  Drone  
  32  2:56  Drone  
  32  2:58  Drone  
  35  3:03  Overlord  
  35  3:10  Drone  
  35  3:11  Drone x3  
  39  3:17  Queen  
  41  3:20  Drone  
  41  3:23  Drone  
  43  3:27  Queen  
  43  3:32  Drone x2  
  47  3:36  Drone  
  48  3:43  Drone x3  
  48  3:44  Overlord  
  48  3:47  Queen  
  53  3:50  Overlord  
  53  3:57  Drone x3  
  53  3:58  Drone  
  53  4:02  Overlord  
  57  4:07  Overlord  
  57  4:09  Zergling x6  
  60  4:13  Drone  
  60  4:15  Queen  
  63  4:17  Overlord  
  63  4:22  Drone  
  63  4:24  Queen  
  64  4:25  Drone  
  64  4:26  Drone  
  64  4:27  Drone  
  64  4:30  Drone  
  70  4:33  Drone x2  
  70  4:37  Drone x3  
  70  4:38  Drone x2  
  77  4:42  Lair  
  77  4:47  Drone  
  78  4:55  Extractor  
  78  4:56  Extractor  
  78  4:57  Hatchery  
  78  4:59  Drone x3  
  82  5:00  Drone x5  
  82  5:02  Overlord  
  82  5:06  Queen  
  85  5:10  Overlord, Spore Crawler  
  84  5:14  Baneling Nest  
  84  5:15  Spore Crawler  
  84  5:16  Extractor, Spore Crawler  
  84  5:20  Drone  
  81  5:22  Drone x5  
  81  5:28  Zergling x10  
  90  5:32  Drone x3  
  94  5:36  Spore Crawler  
  94  5:38  Evolution Chamber  
  94  5:39  Evolution Chamber  
  94  5:40  Drone x3  
  94  5:42  Overseer, Drone  
  95  5:45  Overseer  
  95  5:48  Overlord  
  95  5:49  Extractor  
  94  5:50  Drone x2  
  94  5:53  Drone  
  94  5:54  Overlord  
  96  5:59  Overlord  
  96  6:07  Hatchery  
  96  6:09  Drone x4  
  99  6:13  Drone x4  
  99  6:15  Overlord  
  103  6:20  Spore Crawler, Zergling x4  
  103  6:21  Zergling x2  
  103  6:23  Overlord  
  103  6:24  Drone x2  
  107  6:29  Drone x2  
  109  6:35  Drone  
  110  6:40  Drone  
  110  6:41  Drone x6  
  114  6:51  Zergling x2  
  114  6:52  Zergling x8  
  114  6:53  Hydralisk Den  
  116  6:58  Queen  
  116  7:01  Zergling x6  
  119  7:03  Zergling x2  
  119  7:08  Hatchery  
  121  7:11  Zergling x2  
  121  7:13  Zergling x2, Baneling  
  121  7:14  Baneling x7  
  121  7:15  Zergling x2  
  118  7:23  Hydralisk x4  
  118  7:24  Hydralisk x2  
  118  7:25  Hydralisk  
  130  7:36  Zergling x14  
Tags
 
Add a new tag
Caveats
  • Supply blocks, unpowered buildings, or Contaminate may cause inaccurate times.
  • Supply counts are checked every 10 seconds.